| TOP OF THE 1ST |
|
Atlanta (MID) Braves batting - Pitching for Lakewood BlueClaws : LHP Brian Wildrick
|
|
Pitching: LHP Brian Wildrick
|
|
|
Batting: LHB Kevin Kantor
|
0-0: Foul Ball, location: 2F 0-1: Ball 1-1: Foul Ball, location: 2F 1-2: Strikes out swinging
|
|
Batting: SHB Brandon McClain
|
0-0: Called Strike 0-1: Swinging Strike 0-2: Foul Ball, location: 2F 0-2: Foul Ball, location: 2F 0-2: Ball 1-2: Foul Ball, location: 2F 1-2: Fly out, F9 (Flyball, 9, EV 88.8 MPH)
|
|
Batting: RHB Xavier Davis
|
0-0: Ball 1-0: Ball 2-0: Ball 3-0: Ground out 6-3 (Groundball, 56, EV 90.0 MPH)
|
| Top of the 1st over - 0 runs, 0 hits, 0 errors, 0 left on base; Atlanta (MID) 0 - Lakewood 0 |
| BOTTOM OF THE 1ST |
|
Lakewood BlueClaws batting - Pitching for Atlanta (MID) Braves : RHP Josh Thomas
|
|
Pitching: RHP Josh Thomas
|
|
|
Batting: RHB Alberto Ramirez
|
0-0: Ground out 5-3 (Groundball, 25, EV 82.5 MPH)
|
|
Batting: RHB Steve Jones
|
0-0: Ball 1-0: Ground out 4-3 (Groundball, 4, EV 107.5 MPH)
|
|
Batting: SHB Bob Dixon
|
0-0: Swinging Strike 0-1: SINGLE (Groundball, 34D, EV 101.9 MPH)
|
|
Batting: RHB Danny Krug
|
0-0: Ball 1-0: Called Strike 1-1: Called Strike 1-2: Foul Ball, location: 2F 1-2: Foul Ball, location: 2F 1-2: Ball 2-2: Ball 3-2: Foul Ball, location: 2F 3-2: SINGLE (Groundball, 6D, EV 100.0 MPH) Bob Dixon to second Bob Dixon to third
|
|
Batting: RHB Roberto Ruiz
|
0-0: Swinging Strike 0-1: Foul Ball, location: 2F 0-2: Ball 1-2: Foul Ball, location: 2F 1-2: Ground out 1-3 (Groundball, 13S, EV 71.2 MPH)
|
| Bottom of the 1st over - 0 runs, 2 hits, 0 errors, 2 left on base; Atlanta (MID) 0 - Lakewood 0 |
| TOP OF THE 2ND |
|
Atlanta (MID) Braves batting - Pitching for Lakewood BlueClaws : LHP Brian Wildrick
|
|
Batting: RHB Corey Dalton
|
0-0: Fly out, F7 (Flyball, 8LM, EV 82.5 MPH)
|
|
Batting: RHB Mike Shook
|
0-0: Called Strike 0-1: SINGLE (Groundball, 56D, EV 103.1 MPH)
|
|
Batting: RHB Andy Cunningham
|
0-0: Grounds into double play, 6-4-3 (Groundball, 6, EV 94.4 MPH)
|
| Top of the 2nd over - 0 runs, 1 hit, 0 errors, 0 left on base; Atlanta (MID) 0 - Lakewood 0 |
| BOTTOM OF THE 2ND |
|
Lakewood BlueClaws batting - Pitching for Atlanta (MID) Braves : RHP Josh Thomas
|
|
Batting: RHB Kyle Morse
|
0-0: Called Strike 0-1: Foul Ball, location: 2F 0-2: Ball 1-2: Foul Ball, location: 2F 1-2: Strikes out swinging
|
|
Batting: LHB Troy Hodge
|
0-0: Fly out, F9 (Flyball, 9, EV 79.4 MPH)
|
|
Batting: RHB Manny Mendoza
|
0-0: Called Strike 0-1: DOUBLE (Line Drive, 9LM, EV 105.6 MPH)
|
|
Batting: RHB Pedro Mata
|
0-0: Ball 1-0: Swinging Strike 1-1: Ground out 5-3 (Groundball, 56, EV 86.2 MPH)
|
| Bottom of the 2nd over - 0 runs, 1 hit, 0 errors, 1 left on base; Atlanta (MID) 0 - Lakewood 0 |
| TOP OF THE 3RD |
|
Atlanta (MID) Braves batting - Pitching for Lakewood BlueClaws : LHP Brian Wildrick
|
|
Batting: SHB Richello Badua
|
0-0: Foul Ball, location: 2F 0-1: Ball 1-1: Ground out 6-3 (Groundball, 6, EV 86.9 MPH)
|
|
Batting: LHB Tommy Williams
|
0-0: Foul Ball, location: 2F 0-1: Swinging Strike 0-2: Ball 1-2: Foul Ball, location: 2F 1-2: Ball 2-2: Strikes out looking
|
|
Batting: RHB David Zelaya
|
0-0: Called Strike 0-1: Swinging Strike 0-2: Strikes out swinging
|
| Top of the 3rd over - 0 runs, 0 hits, 0 errors, 0 left on base; Atlanta (MID) 0 - Lakewood 0 |
| BOTTOM OF THE 3RD |
|
Lakewood BlueClaws batting - Pitching for Atlanta (MID) Braves : RHP Josh Thomas
|
|
Batting: RHB Alberto Ramirez
|
0-0: Called Strike 0-1: Ground out 6-3 (Groundball, 6MS, EV 91.2 MPH)
|
|
Batting: RHB Steve Jones
|
0-0: Foul Ball, location: 2F 0-1: DOUBLE (Line Drive, 89D, EV 112.5 MPH)
|
|
Batting: SHB Bob Dixon
|
0-0: Called Strike 0-1: Foul Ball, location: 2F 0-2: Ball 1-2: Ball 2-2: Ball 3-2: Ground out 1-3 (Groundball, 13S, EV 68.8 MPH) Steve Jones to third
|
|
Batting: RHB Danny Krug
|
0-0: SINGLE (Groundball, P, EV 84.4 MPH) (infield hit) Steve Jones scores
|
|
Batting: RHB Roberto Ruiz
|
0-0: Fly out, F8 (Flyball, 8RM, EV 85.0 MPH)
|
| Bottom of the 3rd over - 1 run, 2 hits, 0 errors, 1 left on base; Atlanta (MID) 0 - Lakewood 1 |
| TOP OF THE 4TH |
|
Atlanta (MID) Braves batting - Pitching for Lakewood BlueClaws : LHP Brian Wildrick
|
|
Batting: LHB Kevin Kantor
|
0-0: Fly out, F7 (Flyball, 7, EV 83.8 MPH)
|
|
Batting: SHB Brandon McClain
|
0-0: Ground out 1-3 (Groundball, 13, EV 65.6 MPH)
|
|
Batting: RHB Xavier Davis
|
0-0: Called Strike 0-1: Ball 1-1: Ball 2-1: SINGLE (Line Drive, 9S, EV 86.2 MPH)
|
|
Batting: RHB Corey Dalton
|
0-0: Called Strike Xavier Davis steals 2nd base 0-1: Ball 1-1: Fly out, F4 (Flyball, 4D, EV 89.4 MPH)
|
| Top of the 4th over - 0 runs, 1 hit, 0 errors, 1 left on base; Atlanta (MID) 0 - Lakewood 1 |
| BOTTOM OF THE 4TH |
|
Lakewood BlueClaws batting - Pitching for Atlanta (MID) Braves : RHP Josh Thomas
|
|
Batting: RHB Kyle Morse
|
0-0: Called Strike 0-1: Foul Ball, location: 2F 0-2: Strikes out swinging
|
|
Batting: LHB Troy Hodge
|
0-0: Ball 1-0: Swinging Strike 1-1: Ball 2-1: Ground out 6-3 (Groundball, 6, EV 83.8 MPH)
|
|
Batting: RHB Manny Mendoza
|
0-0: Foul Ball, location: 2F 0-1: Ball 1-1: Called Strike 1-2: SINGLE (Groundball, 4D, EV 105.6 MPH)
|
|
Batting: RHB Pedro Mata
|
0-0: Hit by Pitch Manny Mendoza to second
|
|
Batting: RHB Alberto Ramirez
|
0-0: Ball 1-0: Called Strike 1-1: Foul Ball, location: 2F 1-2: Ground out 4-3 (Groundball, 4, EV 85.6 MPH)
|
| Bottom of the 4th over - 0 runs, 1 hit, 0 errors, 2 left on base; Atlanta (MID) 0 - Lakewood 1 |
| TOP OF THE 5TH |
|
Atlanta (MID) Braves batting - Pitching for Lakewood BlueClaws : LHP Brian Wildrick
|
|
Batting: RHB Mike Shook
|
0-0: Ball 1-0: DOUBLE (Groundball, 5L, EV 108.1 MPH)
|
|
Batting: RHB Andy Cunningham
|
0-0: Called Strike 0-1: Ball 1-1: Ball 2-1: Swinging Strike 2-2: Ground out 6-3 (Groundball, 6S, EV 66.2 MPH) Mike Shook to third
|
|
Batting: SHB Richello Badua
|
0-0: Ball 1-0: Reached on error, E6 (Groundball, 6, EV 105.6 MPH) Mike Shook scores
|
|
Batting: LHB Tommy Williams
|
0-0: SINGLE (Line Drive, 34D, EV 97.5 MPH) Richello Badua to third
|
|
Batting: RHB David Zelaya
|
0-0: Called Strike 0-1: Ball 1-1: Fly out, F8 (Flyball, 8LM, EV 89.4 MPH)
|
|
Batting: LHB Kevin Kantor
|
0-0: Fly out, F8 (Flyball, 8RXD, EV 81.2 MPH)
|
| Top of the 5th over - 1 run, 2 hits, 1 error, 2 left on base; Atlanta (MID) 1 - Lakewood 1 |
| BOTTOM OF THE 5TH |
|
Lakewood BlueClaws batting - Pitching for Atlanta (MID) Braves : RHP Josh Thomas
|
|
Batting: RHB Steve Jones
|
0-0: Ball 1-0: Called Strike 1-1: Called Strike 1-2: Strikes out swinging
|
|
Batting: SHB Bob Dixon
|
0-0: Ball 1-0: Ball 2-0: Foul Ball, location: 2F 2-1: Foul Ball, location: 2F 2-2: Hit by Pitch
|
|
Batting: RHB Danny Krug
|
0-0: DOUBLE (Line Drive, 9LD, EV 113.1 MPH) Bob Dixon to third
|
|
Batting: RHB Roberto Ruiz
|
0-0: Ball 1-0: Ball 2-0: Ball 3-0: Called Strike 3-1: SINGLE (Groundball, 4MD, EV 106.2 MPH) Bob Dixon scores Danny Krug to third Runner from 3rd tries for Home, SAFE, throw by CF to home
|
|
Batting: RHB Kyle Morse
|
0-0: Ball 1-0: Called Strike 1-1: Ball 2-1: Ball 3-1: SINGLE (Groundball, 6D, EV 101.9 MPH) Roberto Ruiz to second
|
|
Batting: LHB Troy Hodge
|
0-0: SINGLE (Line Drive, 78S, EV 110.0 MPH) Roberto Ruiz to third Kyle Morse to second
|
|
Batting: RHB Manny Mendoza
|
0-0: Called Strike 0-1: Fly out, F9 (Flyball, 89XD, EV 92.5 MPH) Runner from 3rd tags up, SCORES, no throw by RF
|
|
Batting: RHB Pedro Mata
|
0-0: Ground out 5-3 (Groundball, 56S, EV 81.9 MPH)
|
| Bottom of the 5th over - 3 runs, 4 hits, 0 errors, 2 left on base; Atlanta (MID) 1 - Lakewood 4 |
| TOP OF THE 6TH |
|
Atlanta (MID) Braves batting - Pitching for Lakewood BlueClaws : LHP Brian Wildrick
|
|
Batting: SHB Brandon McClain
|
0-0: Ball 1-0: Ground out U3 (Groundball, 3S, EV 65.0 MPH)
|
|
Batting: RHB Xavier Davis
|
0-0: Ball 1-0: Foul Ball, location: 2F 1-1: Ground out 4-3 (Groundball, 4, EV 87.5 MPH)
|
|
Batting: RHB Corey Dalton
|
0-0: Foul Ball, location: 2F 0-1: Ball 1-1: Ball 2-1: Called Strike 2-2: SINGLE (Line Drive, 8RM, EV 93.8 MPH)
|
|
Batting: RHB Mike Shook
|
0-0: Called Strike 0-1: Ball 1-1: Foul Ball, location: 2F 1-2: Foul Ball, location: 2F 1-2: Ball 2-2: Fielders Choice at 2nd, 6-4 (Groundball, 6, EV 108.8 MPH)
|
| Top of the 6th over - 0 runs, 1 hit, 0 errors, 1 left on base; Atlanta (MID) 1 - Lakewood 4 |
| BOTTOM OF THE 6TH |
|
Lakewood BlueClaws batting - Pitching for Atlanta (MID) Braves : RHP Josh Thomas
|
|
Batting: RHB Alberto Ramirez
|
0-0: Ball 1-0: Ball 2-0: Ball 3-0: Called Strike 3-1: Called Strike 3-2: Fly out, F8 (Flyball, 8RD, EV 108.1 MPH)
|
|
Batting: RHB Steve Jones
|
0-0: Ball 1-0: Called Strike 1-1: Swinging Strike 1-2: Ball 2-2: Strikes out swinging
|
|
Batting: SHB Bob Dixon
|
0-0: Swinging Strike 0-1: SINGLE (Groundball, 34D, EV 98.8 MPH)
|
|
Batting: RHB Danny Krug
|
0-0: Ball 1-0: Called Strike 1-1: Ball 2-1: Ball 3-1: Base on Balls Bob Dixon to second
|
|
Pitching: RHP Craig Goguen
|
|
|
Batting: RHB Roberto Ruiz
|
0-0: Ball 1-0: Foul Ball, location: 2F 1-1: Ball 2-1: Fly out, F9 (Flyball, 89D, EV 101.2 MPH)
|
| Bottom of the 6th over - 0 runs, 1 hit, 0 errors, 2 left on base; Atlanta (MID) 1 - Lakewood 4 |
| TOP OF THE 7TH |
|
Atlanta (MID) Braves batting - Pitching for Lakewood BlueClaws : LHP Brian Wildrick
|
|
Batting: RHB Andy Cunningham
|
0-0: Called Strike 0-1: Ball 1-1: Foul Ball, location: 2F 1-2: Ball 2-2: Fly out, F8 (Flyball, 89S, EV 85.0 MPH)
|
|
Batting: SHB Richello Badua
|
0-0: Fly out, F8 (Flyball, 8LM, EV 76.9 MPH)
|
|
Batting: LHB Tommy Williams
|
0-0: Foul Ball, location: 2F 0-1: Hit by Pitch
|
|
Batting: RHB David Zelaya
|
0-0: Called Strike 0-1: Ball 1-1: Foul Ball, location: 2F 1-2: Fielders Choice at 2nd, 6-4 (Groundball, 6, EV 86.9 MPH)
|
| Top of the 7th over - 0 runs, 0 hits, 0 errors, 1 left on base; Atlanta (MID) 1 - Lakewood 4 |
| BOTTOM OF THE 7TH |
|
Lakewood BlueClaws batting - Pitching for Atlanta (MID) Braves : RHP Craig Goguen
|
|
Batting: RHB Kyle Morse
|
0-0: Foul Ball, location: 2F 0-1: Ball 1-1: Swinging Strike 1-2: Ball 2-2: Ground out 5-3 (Groundball, 5, EV 100.0 MPH)
|
|
Batting: LHB Troy Hodge
|
0-0: Called Strike 0-1: Ground out 5-3 (Groundball, 56S, EV 86.9 MPH)
|
|
Batting: RHB Manny Mendoza
|
0-0: Swinging Strike 0-1: Swinging Strike 0-2: Ball 1-2: Ground out 6-3 (Groundball, 6, EV 91.2 MPH)
|
| Bottom of the 7th over - 0 runs, 0 hits, 0 errors, 0 left on base; Atlanta (MID) 1 - Lakewood 4 |
| TOP OF THE 8TH |
|
Atlanta (MID) Braves batting - Pitching for Lakewood BlueClaws : LHP Brian Wildrick
|
|
Pitching: RHP Derek Ziolkowski
|
|
|
Batting: LHB Kevin Kantor
|
0-0: Called Strike 0-1: Ball 1-1: Ball 2-1: DOUBLE (Groundball, 3D, EV 99.4 MPH)
|
|
Batting: SHB Brandon McClain
|
0-0: Called Strike 0-1: Hit by Pitch
|
|
Batting: RHB Xavier Davis
|
0-0: Called Strike 0-1: Ball 1-1: Called Strike 1-2: Strikes out swinging
|
|
Batting: RHB Corey Dalton
|
0-0: Swinging Strike 0-1: Swinging Strike 0-2: Ball 1-2: Grounds into double play, 6-4-3 (Groundball, 6, EV 91.9 MPH)
|
| Top of the 8th over - 0 runs, 1 hit, 0 errors, 1 left on base; Atlanta (MID) 1 - Lakewood 4 |
| BOTTOM OF THE 8TH |
|
Lakewood BlueClaws batting - Pitching for Atlanta (MID) Braves : RHP Craig Goguen
|
|
Pitching: LHP Enrique Lopez
|
|
|
Batting: RHB Pedro Mata
|
0-0: Foul Ball, location: 2F 0-1: Foul Ball, location: 2F 0-2: Fly out, F4 (Flyball, 34D, EV 87.5 MPH)
|
|
Batting: RHB Alberto Ramirez
|
0-0: Ball 1-0: Ball 2-0: Ground out 4-3 (Groundball, 4, EV 82.5 MPH)
|
|
Batting: RHB Steve Jones
|
0-0: Called Strike 0-1: Ball 1-1: Ground out 6-3 (Groundball, 6, EV 101.9 MPH)
|
| Bottom of the 8th over - 0 runs, 0 hits, 0 errors, 0 left on base; Atlanta (MID) 1 - Lakewood 4 |
| TOP OF THE 9TH |
|
Atlanta (MID) Braves batting - Pitching for Lakewood BlueClaws : RHP Derek Ziolkowski
|
|
Pitching: RHP Chris Lee
|
|
|
Batting: RHB Mike Shook
|
0-0: Foul Ball, location: 2F 0-1: SINGLE (Groundball, 34D, EV 107.5 MPH)
|
|
Batting: RHB Andy Cunningham
|
0-0: Ball 1-0: Called Strike 1-1: Ball 2-1: Ball 3-1: Base on Balls Mike Shook to second
|
|
Batting: SHB Richello Badua
|
0-0: Called Strike 0-1: Ball 1-1: Called Strike 1-2: Strikes out swinging
|
|
Batting: LHB Tommy Williams
|
0-0: Called Strike 0-1: SINGLE (Groundball, 5S, EV 62.5 MPH) (infield hit) Mike Shook to third Andy Cunningham to second
|
|
Pinch Hitting: LHB Travis Lazaro
|
0-0: Ball 1-0: Ball 2-0: Called Strike 2-1: Ball 3-1: Called Strike 3-2: Grounds into double play, 6-4-3 (Groundball, 6, EV 86.2 MPH)
|
| Top of the 9th over - 0 runs, 2 hits, 0 errors, 2 left on base; Atlanta (MID) 1 - Lakewood 4 |
|